 Dungeon Crawl Stone Soup version 0.28-a0-1594-ga885d4b3d6 (webtiles) character file.

Game seed: 10080212932792085205

34 lonewolfV2 the Conjurer (level 3, 0/13 (14) HPs)
             Began as a Felid Conjurer on Jan 20, 2022.
             Slain by an orc (2 damage)
             ... on level 3 of the Dungeon.
             The game lasted 00:05:53 (3054 turns).

lonewolfV2 the Conjurer (Felid Conjurer)            Turns: 3054, Time: 00:05:55

HP:   0/13 (14)     AC:  1    Str:  5    XL:     3   Next: 14%
MP:   1/7           EV: 17    Int: 19    God:
Gold: 66            SH:  0    Dex: 14    Spells: 3/6 levels left
                                        Lives: 0   Deaths: 1

rFire   . . .      SeeInvis +   (weapon unavailable)
rCold   . . .      Faith    .   (shield unavailable)
rNeg    . . .      Spirit   .   (armour unavailable)
rPois   .          Reflect  .   (helmet unavailable)
rElec   .          Harm     .   (cloak unavailable)
rCorr   .          Rampage  .   (gloves unavailable)
Will    .....                   (boots unavailable)
Stlth   ++........              (no amulet)
HPRegen 0.04/turn               e - ring of flight
MPRegen 0.10/turn               (no ring)

@: flying, drained, quick
A: very small, claws 1, fangs 3, see invisible, speed 1, shaggy fur 1, stealthy
paws, no weapons or thrown items, no armour, multi-lived
a: no special abilities


You were on level 3 of the Dungeon.
You visited 1 branch of the dungeon, and saw 3 of its levels.

You collected 66 gold pieces.

Inventory:

Jewellery
 e - a ring of flight (left paw)
Scrolls
 b - 2 scrolls of teleportation {unknown}
 c - a scroll of magic mapping {unknown}
 f - a scroll of identify {unknown}
Potions
 a - a potion of degeneration {unknown}
 d - a potion of invisibility {unknown}
 g - a potion of haste {unknown}


   Skills:
 + Level 0.1 Fighting
 + Level 3.1 Dodging
 + Level 3.6 Stealth
 + Level 0.2 Unarmed Combat
 + Level 2.3 Spellcasting
 + Level 4.5 Conjurations


You had 3 spell levels left.
You knew the following spells:

 Your Spells              Type           Power      Damage    Failure   Level
a - Magic Dart            Conj           76%        1d6       2%          1
b - Searing Ray           Conj           38%        2d5       3%          2

Your spell library contained the following spells:

 Spells                   Type           Power      Damage    Failure   Level
 Dazzling Flash           Conj/Hex       20%        N/A       19%         3
 Fulminant Prism          Conj/Hex       5%         3d7       54%         4
 Iskenderun's Mystic Bla  Conj/Tloc      10%        2d4       54%         4
 Agony                    Necr           2%         N/A       99%         5
 Silence                  Hex/Air        1%         N/A       99%         5


Dungeon Overview and Level Annotations

Branches:
Dungeon (3/15)

Altars:

Annotations:
D:2 1 runed translucent door, Crazy Yiuf


Innate Abilities, Weirdness & Mutations

You have sharp claws.
You have razor-sharp teeth.
You have supernaturally acute eyesight. (SInv)
You cover ground quickly. (Speed+)
You are covered in fur. (AC +1)
Your paws help you pounce on unaware monsters.
You are incapable of wielding weapons or throwing items.
You cannot wear armour.
You gain extra lives every three experience levels.


Message History

The orc hits you with a +0 dagger. The orc closely misses you.
You scratch the orc.
You kill the orc!
The orc hits you with a +0 hand axe. The orc barely misses you.
The orc closely misses you. The orc barely misses you.
Things that are here:
a +0 dagger; a +0 scale mail You scratch the orc.
The orc is moderately wounded.
The orc closely misses you. The orc completely misses you.
The orc hits you with a +2 hand axe of draining.
You feel drained.
You scratch the orc but do no damage.
The orc is moderately wounded.
The orc barely misses you. x2; The orc hits you with a +0 whip.
* * * LOW HITPOINT WARNING * * *
You closely miss the orc.
The orc is moderately wounded.
The orc misses you. The orc closely misses you. The orc barely misses you.
You scratch the orc. Your bite misses the orc.
The orc is severely wounded.
The orc barely misses you. The orc misses you. x2
You scratch the orc.
You kill the orc!
The orc misses you. The orc barely misses you.
An orc comes into view. It is wielding a +0 short sword.
Found 21 arrows.
The orc shouts!
The orc barely misses you.
The orc moves out of view.
Items here: ( ) [ †.
Casting: Magic Dart (safe; 2% risk of failure)
Confirm with . or Enter, or press ? or * to list all spells.
Aiming: Magic Dart (safe; 2% risk of failure)
Press: ? - help, Shift-Dir - straight line, f - orc
Aim: an orc, wielding a +0 whip (100% to hit)
The magic dart hits the orc.
The orc is moderately wounded.
A dart slug comes into view.
The orc closely misses you. The orc hits you with a +0 whip.
You die...

##########
####
#........#
#...
#!.......##..#
#≈
#........#..#
.≈≈
####.#..##.##
≈≈≈≈ #
##.....#≈≈≈≈≈
####oo.≈≈≈≈≈≈
#@†≈#≈≈≈≈≈
#.≈≈# ≈≈≈≈
..≈≈≈≈(#≈(
#...≈≈[....
#..≈≈≈...≈
##.#≈#≈≈≈≈
#.##≈≈≈≈≈ #.#
w≈≈≈≈


You could see a dart slug (wandering) and 2 orcs.

Vanquished Creatures
  An adder (D:2)
  A dart slug (D:1)
  3 orcs
  5 ball pythons
  4 endoplasms
  A giant cockroach (D:1)
  10 goblins
  9 hobgoblins
  4 quokkas
  6 bats
  4 frilled lizards
  5 kobolds
  3 rats
56 creatures vanquished.

Notes
Turn   | Place    | Note
-------+----------+-------------------------------------------
     0 | D:1      | lonewolfV2 the Felid Conjurer began the quest for the Orb.
     0 | D:1      | Reached XP level 1. HP: 7/7 MP: 4/4
   526 | D:1      | Reached XP level 2. HP: 11/11 MP: 1/6
   692 | D:1      | Reached skill level 4 in Conjurations
   749 | D:1      | Learned a level 2 spell: Searing Ray
  1398 | D:1      | Reached XP level 3. HP: 14/14 MP: 4/7
  2093 | D:2      | Found a faded altar of an unknown god.
  2804 | D:2      | Found a runed translucent door.
  2805 | D:2      | Noticed Crazy Yiuf
  2996 | D:3      | Reached XP level 4. HP: 18/18 MP: 5/8
  3022 | D:3      | Slain by a kobold
  3023 | D:3      | Reached XP level 3. HP: -2/14 MP: 1/7
  3054 | D:3      | Slain by an orc

Illustrated notes

Levels and vault maps discovered:
D:1:      dpeg_arrival_boxes_within_box, layout_loops_corners
D:2:      layout_loops_ring, shapermc_ecumenical_altar_mp_highgroup,
          minmay_pentomino_z4, uniq_crazy_yiuf_cottage
D:3:      kennysheep_slugbush, layout_rooms, minmay_misc_feat_more_columns

Skill      XL: |  1  2  3 |
---------------+----------+-----
Dodging        | 3 |  3.1
Conjurations   | 4 |  4.5
Stealth        | 3 |  3.6
Fighting       | |  0.1
Unarmed Combat | |  0.2
Spellcasting   | |  2.3

Action                   |  1- 3 |  4- 6 || total
-------------------------+-------+-------++-------
Melee: Unarmed           |    41 |    16 ||    57
       Bite              |     5 |     3 ||     8
 Cast: Magic Dart        |    69 |     4 ||    73
       Searing Ray       |    20 |       ||    20
Armor: Skin              |     2 |     2 ||     4
Dodge: Dodged            |    53 |    24 ||    77

Table legend: (Time is in decaauts)
 A = Elapsed time spent in this place.
 B = Non-inter-level travel time spent in this place.
 C = Inter-level travel time spent in this place.
 D = Time resting spent in this place.
 E = Time spent auto-exploring this place.
 F = Levels seen in this place.
 G = Mean time per level.
                   A        B        C        D        E       F      G
               +--------+--------+--------+--------+--------+-----+--------+
         Total |   2778 |   2711 |     67 |    415 |   1914 |   3 |  926.0 |
       Dungeon |   2778 |   2711 |     67 |    415 |   1914 |   3 |  926.0 |
               +--------+--------+--------+--------+--------+-----+--------+

Top non-repeatable levels by time:
     D:1: 1438 daAuts
     D:2: 1149 daAuts
     D:3: 191 daAuts
